 Dungeon Crawl Stone Soup version 0.16.2-12-gd0ad4c3 (webtiles) character file.

123 Teal the Conjurer (level 5, -1/36 HPs)
             Began as a Human Conjurer on Oct 29, 2015.
             Slain by a gnoll
             ... wielding a +2 spear of freezing
              (2 damage)
             ... on level 3 of the Dungeon.
             The game lasted 00:19:04 (2343 turns).

Teal the Conjurer (Human Conjurer)                  Turns: 2343, Time: 00:19:12

Health: -1/36      AC:  3    Str:  8    XL:     5   Next: 28%
Magic:  4/9        EV: 12    Int: 16    God:
Gold:   104        SH:  0    Dex: 14    Spells: 1 memorised, 8 levels left

rFire  . . .     SeeInvis .     k - +0 short sword
rCold  . . .     Clarity  .     E - +0 leather armour
rNeg   . . .     SustAb   .     (no shield)
rPois  .         Gourm    .     (no helmet)
rElec  .         Spirit   .     (no cloak)
rCorr  .         Warding  .     (no gloves)
rMut   .         Stasis   .     (no boots)
MR     .....                    (no amulet)
Stlth  ++........               (no ring)
                                (no ring)

@: not resistant to hostile enchantments, unstealthy
A: no striking features
a: no special abilities


You were on level 3 of the Dungeon.
You were not hungry.

You visited 1 branch of the dungeon, and saw 3 of its levels.

You collected 104 gold pieces.

Inventory:

Hand weapons
 f - a +0 dagger
 g - a +0 spear
 i - a +0 dagger
 j - a +4 hunting sling
 k - a +0 short sword (weapon)
 n - a +0 dagger
 o - a +0 dagger
 p - a +0 hand axe
 s - a +0 dagger
 v - a +0 spear
 w - a +0 dagger
 x - a +0 hunting sling
 z - a +0 club
 C - a +0 whip
 F - a cursed -3 club
 G - a +0 dagger
 H - a +0 club
Missiles
 e - 107 stones (quivered)
 l - 26 arrows
 q - 18 bolts
 t - a throwing net
Armour
 a - a +0 robe
 E - a +0 leather armour (worn)
Scrolls
 y - a scroll of identify {unknown}
 A - a scroll of enchant weapon {unknown}
Potions
 d - 2 potions of magic {unknown}
 u - a potion of might {unknown}
Books
 c - a book of Conjurations

   Spells                             Type                      Level
   a - Magic Dart                     Conjuration                  1
   b - Searing Ray                    Conjuration                  2
   c - Dazzling Spray                 Conjuration/Hexes            3
   d - Fulminant Prism                Conjuration/Hexes            4
   e - Iskenderun's Mystic Blast      Conjuration                  4
   f - Iskenderun's Battlesphere      Conjuration/Charms           5
Comestibles
 b - a bread ration
 h - a meat ration
 m - 3 fruits
 B - a slice of pizza


   Skills:
 + Level 0.4 Fighting
 + Level 1.0 Slings
 + Level 2.4 Dodging
 + Level 2.4 Stealth
 + Level 2.7 Spellcasting
 + Level 5.2 Conjurations


You had 8 spell levels left.
You knew the following spells:

 Your Spells              Type           Power        Failure   Level  Hunger
a - Magic Dart            Conj           ###.         4%          1    #......


Dungeon Overview and Level Annotations

Branches:
Dungeon (3/15)

Altars:
The Shining One

Annotations:
D:3 Robin


Message History

The bat closely misses you. The bat misses you.
The gnoll hits you from afar with a spear of freezing.
The gnoll freezes you.
You miss the bat.
The bat is almost dead.
The bat hits you but does no damage. The gnoll barely misses you.
The bat barely misses you.
The gnoll hits you from afar with a spear of freezing.
The gnoll freezes you.
* * * LOW HITPOINT WARNING * * *
A gnoll comes into view. It is wielding a flail.
Read which item? (? for menu, Esc to quit)
As you read the scroll labeled VEQEUN LASAJE, it crumbles to dust.
The creatures around you are filled with an inner flame!
It was a scroll of immolation.
The bat hits you but does no damage. The bat hits you but does no damage.
The gnoll hits you from afar with a spear of freezing!
* * * LOW HITPOINT WARNING * * *
The gnoll freezes you.
You die...

#......†... ##.....g...
#.......#. #.##.#####
#.##.# ##. ######
#.##.###..
.....#####.##.##...
.#########g..............
........@bgg.....##.##...
......#########.....##...
..# ##.##...... ....
..##. #.##.#.... ..#
##... ... ##.##
...#.#..## . .......


You could see 3 gnolls and a bat (inner flame).

Vanquished Creatures
  Ijyb (D:2)
  4 adders (D:2)
  A giant mite (D:2)
  A worm (D:2)
  A giant gecko (D:2)
  An ooze (D:1)
  8 hobgoblins
  6 kobolds
  3 bats
  11 giant newts
  17 goblins
  6 rats
60 creatures vanquished.

Notes
Turn   | Place    | Note
--------------------------------------------------------------
     0 | D:1      | Teal, the Human Conjurer, began the quest for the Orb.
     0 | D:1      | Reached XP level 1. HP: 13/13 MP: 3/3
   222 | D:1      | Reached XP level 2. HP: 19/19 MP: 0/4
   752 | D:2      | Found a glowing golden altar of the Shining One.
   770 | D:2      | Reached XP level 3. HP: 24/24 MP: 0/6
   947 | D:2      | Reached XP level 4. HP: 15/30 MP: 0/7
  1127 | D:2      | Reached skill level 5 in Conjurations
  1838 | D:2      | Noticed Ijyb
  1862 | D:2      | Killed Ijyb
  1862 | D:2      | Reached XP level 5. HP: 30/35 MP: 0/9
  2182 | D:3      | Noticed Robin
  2184 | D:3      | Reached skill level 1 in Slings
  2343 | D:3      | HP: 1/36 [gnoll/spear of freezing (10)]
  2343 | D:3      | Slain by a gnoll

Action                   |  1- 3 |  4- 6 || total
-------------------------+-------+-------++-------
Melee: Short sword       |    14 |    19 ||    33
       Unarmed           |     3 |       ||     3
 Fire: Hunting sling     |    10 |     4 ||    14
 Cast: Magic Dart        |    51 |    69 ||   120
  Use: Scroll            |       |     1 ||     1
  Eat: Chunk             |     1 |     1 ||     2
       Bread ration      |       |     1 ||     1
